 Dungeon Crawl Stone Soup version 0.28-a0-1084-ga282ea246d (webtiles) character file.

Game seed: 18043439802644596213

137 GenialerGandalf the Chopper (level 5, -3/47 HPs)
             Began as a Hill Orc Fighter on Dec 10, 2021.
             Succumbed to a scorpion's poison
             ... on level 4 of the Dungeon.
             The game lasted 00:04:11 (1288 turns).

GenialerGandalf the Chopper (Hill Orc Fighter)      Turns: 1288, Time: 00:04:11

Health: -3/47      AC:  7    Str: 21    XL:     5   Next: 20%
Magic:  5/5        EV: 10    Int:  8    God:
Gold:   63         SH:  4    Dex: 10    Spells: 4/4 levels left

rFire   . . .      SeeInvis .   a - +0 war axe
rCold   . . .      Faith    .   c - +0 buckler
rNeg    . . .      Spirit   .   b - +0 scale mail
rPois   .          Reflect  .   (no helmet)
rElec   .          Harm     .   (no cloak)
rCorr   .          Rampage  .   (no gloves)
Will    .....                   (no boots)
Stlth   ..........              (no amulet)
HPRegen 0.15/turn               (no ring)
MPRegen 0.09/turn               (no ring)

@: lethally poisoned (-3 -> -26), flying
A: fangs 1, inability to read while threatened, sturdy frame 1
a: no special abilities


You were on level 4 of the Dungeon.
You visited 1 branch of the dungeon, and saw 4 of its levels.

You collected 63 gold pieces.

Inventory:

Hand Weapons
 a - a +0 war axe (weapon)
Armour
 b - a +0 scale mail (worn)
 c - a +0 buckler (worn)
Scrolls
 g - a scroll of amnesia {unknown}
 h - 2 scrolls of teleportation {unknown}
 i - 2 scrolls of enchant armour {unknown}
 j - a scroll of enchant weapon {unknown}
 m - a scroll of fear {unknown}
Potions
 d - a potion of might
 k - a potion of degeneration {unknown}
 l - a potion of resistance {unknown}


   Skills:
 * Level 4.4 Fighting
 * Level 4.8 Axes
 + Level 4.2 Armour
 + Level 3.8 Shields


You had 4 spell levels left.
You didn't know any spells.
Your spell library was empty.

Dungeon Overview and Level Annotations

Branches:
Dungeon (4/15)
 Temple: D:4-7

Altars:
Hepliaklqana

Shops:
D:1 =


Innate Abilities, Weirdness & Mutations

You have very sharp teeth.
You sometimes lose the ability to read scrolls when taking damage.
Your movements are slightly less encumbered by armour. (ER -2)


Message History

The hound barely misses you. You block the hound's attack.
You miss the hound.
The hound is moderately wounded.
The hound bites you. You block the hound's attack. The scorpion stings you!
You are poisoned.
The scorpion poisons you!
You hit the hound.
The hound is heavily wounded.
You closely miss the scorpion.
You feel very sick. The hound bites you but does no damage.
The scorpion stings you. The hound bites you.
You hit the hound.
The hound is severely wounded.
You slash the scorpion!
You feel sick. The scorpion stings you.
You are more poisoned.
The scorpion poisons you! The hound closely misses you.
The scorpion stings you but does no damage.
The hound bites you but does no damage.
You hit the scorpion but do no damage.
The scorpion is heavily wounded.
You hit the hound but do no damage.
You feel very sick. The hound bites you but does no damage.
The scorpion stings you!
* * * LOW HITPOINT WARNING * * *
You block the hound's attack. The scorpion barely misses you.
It was a potion of flight.
You feel very buoyant.
You fly up into the air.
* * * LOW HITPOINT WARNING * * *
You feel very sick. The hound bites you but does no damage.
The scorpion stings you.
* * * LOW HITPOINT WARNING * * *
You are more poisoned.
The scorpion poisons you!
It was a potion of mutation.
You feel extremely strange.
You feel less encumbered by your armour.
Your teeth lengthen and sharpen.
You lose the ability to read scrolls when threatened.
You die...

..# ... .. .. #.
#. ## .#
##.##.##$#
##..<[....#..
#....@h......
....?.#.s.......
.....##.........
##... ..#...#...
#.. ...###.....
... ..... .....
......... ....
....... .###


You could see a scorpion and a hound.

Vanquished Creatures
  A sky beast (D:3)
  An adder (D:3)
  2 dart slugs (D:1)
  5 ball pythons
  3 endoplasms
  A giant cockroach (D:2)
  3 goblins
  4 hobgoblins (D:1)
  A quokka (D:1)
  A bat (D:1)
  2 frilled lizards (D:1)
  3 kobolds (D:1)
  3 rats
30 creatures vanquished.

Vanquished Creatures (others)
  12 fungi (D:1)
  12 plants (D:1)
24 creatures vanquished.

Grand Total: 54 creatures vanquished

Notes
Turn   | Place    | Note
-------+----------+-------------------------------------------
     0 | D:1      | GenialerGandalf the Hill Orc Fighter began the quest for
                  | the Orb.
     0 | D:1      | Reached XP level 1. HP: 19/19 MP: 1/1
   192 | D:1      | Reached XP level 2. HP: 27/27 MP: 2/2
   423 | D:1      | Found a faded altar of an unknown god.
   635 | D:1      | Reached XP level 3. HP: 30/33 MP: 3/3
   687 | D:1      | Found Luduot's Jewellery Shop.
   846 | D:3      | Noticed a sky beast
   856 | D:3      | Killed a sky beast
   857 | D:3      | Reached XP level 4. HP: 20/41 MP: 4/4
   857 | D:3      | Reached XP level 5. HP: 23/47 MP: 5/5
  1210 | D:3      | Found a hazy altar of Hepliaklqana.
  1287 | D:4      | HP: 2/47 [scorpion (2)]
  1288 | D:4      | Gained mutation: Your movements are slightly less
                  | encumbered by armour. (ER -2) [potion of mutation]
  1288 | D:4      | Gained mutation: You have very sharp teeth. [potion of
                  | mutation]
  1288 | D:4      | Gained mutation: You sometimes lose the ability to read
                  | scrolls when taking damage. [potion of mutation]
  1288 | D:4      | Succumbed to a scorpion's poison

Illustrated notes

Levels and vault maps discovered:
D:1:      wander_arrival_estate, layout_loops_ring, serial_shops,
          nicolae_shop_hallway_stairs, dreamdust_ecumenical_altar_grove,
          nrook_mini_vaults, minmay_misc_feat_columns, amethyst_killhole
D:2:      layout_basic, serial_undead, serial_undead_d, serial_undead_f,
          serial_undead_f, serial_undead_b, chequers_serial_rivers_large_a,
          uniq_robin, uniq_terence, uniq_jessica, uniq_crazy_yiuf_cottage
D:3:      layout_rooms, nicolae_hepliaklqana_hippocampus,
          kennysheep_cross_bottleneck, minmay_misc_feat_pillars
D:4:      layout_cave_pools, vehumet_altar_wand_db, st_stairs_10, uniq_eustachio

Skill      XL: |  1  2  3 |
---------------+----------+-----
Fighting       | 4 |  4.4
Axes           | 3 4 |  4.8
Armour         | 4 |  4.2
Shields        | |  3.8

Action                   |  1- 3 |  4- 6 || total
-------------------------+-------+-------++-------
Melee: War axe           |    96 |    20 ||   116
  Use: Potion            |       |     2 ||     2
Armor: Scale mail        |    43 |    19 ||    62
Dodge: Dodged            |    46 |    16 ||    62
Block: Buckler           |    15 |     4 ||    19

Table legend: (Time is in decaauts)
 A = Elapsed time spent in this place.
 B = Non-inter-level travel time spent in this place.
 C = Inter-level travel time spent in this place.
 D = Time resting spent in this place.
 E = Time spent auto-exploring this place.
 F = Levels seen in this place.
 G = Mean time per level.
                   A        B        C        D        E       F      G
               +--------+--------+--------+--------+--------+-----+--------+
         Total |   1327 |   1327 |      0 |    358 |    150 |   4 |  331.8 |
       Dungeon |   1327 |   1327 |      0 |    358 |    150 |   4 |  331.8 |
               +--------+--------+--------+--------+--------+-----+--------+

Top non-repeatable levels by time:
     D:1: 739 daAuts
     D:3: 480 daAuts
     D:2: 95 daAuts
     D:4: 12 daAuts
